 Dungeon Crawl Stone Soup version 0.22-a0-812-g4c1e2d5471 (webtiles) character file.

65 PikkenKukken the Sneak (level 3, -1/18 HPs)
             Began as a Spriggan Enchanter on July 23, 2018.
             Slain by a gnoll
             ... wielding a +0 spear
              (10 damage)
             ... on level 2 of the Dungeon.
             The game lasted 00:05:40 (1992 turns).

PikkenKukken the Sneak (Spriggan Enchanter)         Turns: 1992, Time: 00:05:41

Health: -1/18      AC:  3    Str:  4    XL:     3   Next: 92%
Magic:  8/8        EV: 19    Int: 16    God:
Gold:   69         SH:  0    Dex: 17    Spells: 5/8 levels left

rFire    . . .     SeeInvis +   a - +1 dagger
rCold    . . .     Gourm    .   (shield restricted)
rNeg     . . .     Faith    .   b - +1 robe
rPois    +         Spirit   .   (helmet restricted)
rElec    .         Reflect  .   (no cloak)
rCorr    .         Harm     .   (gloves unavailable)
MR       .....     Rnd*Tele +   (boots unavailable)
Stlth    +++.......             (no amulet)
HPRegen  0.06/turn              c - ring of teleportation (curse)
MPRegen  0.11/turn              g - ring of poison resistance

@: very quick
A: very small, unfitting armour, see invisible, herbivore, speed 3, slow
metabolism 2
a: no special abilities


You were on level 2 of the Dungeon.
You were not hungry.

You visited 1 branch of the dungeon, and saw 2 of its levels.

You collected 69 gold pieces.

Inventory:

Hand Weapons
 a - a +1 dagger (weapon)
Armour
 b - a +1 robe (worn)
Jewellery
 c - a cursed ring of teleportation (left hand)
 g - a ring of poison resistance (right hand)
Wands
 h - a wand of random effects (21)
Scrolls
 f - a scroll of teleportation
Potions
 e - a potion of flight {unknown}
Comestibles
 d - 4 rations


   Skills:
 + Level 1.0 Fighting
 + Level 2.0 Short Blades
 + Level 3.6 Dodging
 + Level 5.0 Stealth
 + Level 3.2 Spellcasting
 + Level 4.0 Hexes


You had 5 spell levels left.
You knew the following spells:

 Your Spells              Type           Power        Failure   Level  Hunger
a - Corona                Hex            ###....      3%          1    None
b - Ensorcelled Hibernat  Hex/Ice        #.....       12%         2    ##.....

Your spell library contained the following spells:

 Spells                   Type           Power        Failure   Level  Hunger
 Confuse                  Hex            ###.....     11%         3    ###....
 Tukima's Dance           Hex            ###.....     11%         3    ###....
 Dazzling Spray           Conj/Hex       #.....       24%         3    ###....


Dungeon Overview and Level Annotations

Branches:
Dungeon (2/15)

Altars:
Sif Muna
Xom


Innate Abilities, Weirdness & Mutations

You are very small and have problems with some larger weapons.
You are too small for most types of armour.
You have supernaturally acute eyesight. (SInv)
You are a herbivore.
You cover ground extremely quickly.
You need to consume almost no food.


Message History

The helpless hound fails to defend itself.
You impale the hound!!
You kill the hound!
Your Fighting skill increases to level 1!
Your Short Blades skill increases to level 2!
Your Stealth skill increases to level 5!
Your Hexes skill increases to level 4!
You start resting.
Magic restored.
You start resting.
HP restored.
You climb downwards.
There is a stone staircase leading up here.
The gnoll closely misses you.
A ball python comes into view.
The gnoll hits you from afar with a spear!
Ouch! That really hurt!
The gnoll hits you from afar with a spear!
Ouch! That really hurt!
You die...

.. ... .# #.....# .... S.
.# #.###.# ...g ..# .# #.#
#.# g... ..##.#.##.# #.# g#
.....#.#..# #.# .#
#.#..#.#.## #.# (#
#.#.......###.#
.############.#.##.#....#(#
....g.....>.#.#.@#.#..#.#.#
!##.###g.....gg..#.#..#.#.#
..#.#.......#.#.##....#.#.#
#...#.#.###.#.#...........#
#..#.#.# #.#.#.......#.###
#..#.#.###.#.#.......#.#
##.#.#.#<#.#.#..#....#.#
#...#.#.#...#..#....#.#
#...#.#.###....#....#.#


You could see 2 gnolls.

Vanquished Creatures
  A hound (D:1)
  An adder (D:2)
  A dart slug (D:2)
  A giant cockroach (D:1)
  A goblin (D:1)
  3 hobgoblins (D:1)
  A quokka (D:2)
  8 bats
  A frilled lizard (D:1)
  3 kobolds (D:1)
  4 rats
25 creatures vanquished.

Notes
Turn   | Place    | Note
-------+----------+-------------------------------------------
     0 | D:1      | PikkenKukken the Spriggan Enchanter began the quest for the Orb.
     0 | D:1      | Reached XP level 1. HP: 9/9 MP: 5/5
   271 | D:1      | Reached XP level 2. HP: 13/13 MP: 4/6
   409 | D:1      | Learned a level 2 spell: Ensorcelled Hibernation
  1189 | D:2      | Found a deep blue altar of Sif Muna.
  1477 | D:2      | Found a shimmering altar of Xom.
  1634 | D:2      | Reached XP level 3. HP: 17/17 MP: 3/8
  1902 | D:1      | Reached skill level 1 in Fighting
  1902 | D:1      | Reached skill level 5 in Stealth
  1992 | D:2      | Slain by a gnoll

Vault maps used:
D:1:      lightli_arrival_windingriver, minmay_tall_x
D:2:      xom_butterflies, led_sif_pool

Skill      XL: |  1  2  3 |
---------------+----------+-----
Spellcasting   | 3 |  3.2
Fighting       | 1 |  1.0
Short Blades   | 2 |  2.0
Stealth        | 5 |  5.0
Hexes          | 4 |  4.0
Dodging        | |  3.6

Action                   || total
-------------------------++-------
Melee: Dagger            ||   102
 Cast: Corona            ||     2
       Ensorcelled Hiber ||    10
  Use: Scroll            ||     3
 Stab: Sleeping          ||    10
Armor: Robe              ||    14
Dodge: Dodged            ||    77

Table legend:
 A = Spawn XP
 B = Non-spawn XP
 C = Spawn XP percentage of total XP
 D = Spawn monster count
 E = Non-spawn monster count
 F = Spawn count percentage of total count
 G = Total turns spent on level
                    A         B        C        D         E        F      G
               +---------+---------+-------+---------+---------+-------+---------
         Total |       0 |      93 |   0.0 |       0 |      25 |   0.0 |  1992
               +---------+---------+-------+---------+---------+-------+---------
           D:1 |       0 |      68 |   0.0 |       0 |      18 |   0.0 |  1176
           D:2 |       0 |      25 |   0.0 |       0 |       7 |   0.0 |   816
               +---------+---------+-------+---------+---------+-------+---------
